 Dungeon Crawl Stone Soup version 0.28.0-53-g5a82cb258f (webtiles) character file.

Game seed: 5551852953391036043

6 Sin92 the Chiller (level 1, 0/14 HPs)
             Began as a Demonspawn Ice Elementalist on July 15, 2022.
             Slain by a kobold
             ... wielding a +0 dagger
              (2 damage)
             ... on level 1 of the Dungeon.
             The game lasted 00:00:25 (307 turns).

Sin92 the Chiller (Demonspawn Ice Elementalist)      Turns: 307, Time: 00:00:25

Health: 0/14       AC:  2    Str:  8    XL:     1   Next: 75%
Magic:  1/3        EV: 12    Int: 16    God:
Gold:   4          SH:  0    Dex: 13    Spells: 3/4 levels left

rFire   . . .      SeeInvis .   (no weapon)
rCold   . . .      Faith    .   (no shield)
rNeg    . . .      Spirit   .   a - +0 robe
rPois   .          Reflect  .   (no helmet)
rElec   .          Harm     .   (no cloak)
rCorr   .          Rampage  .   (no gloves)
Will    .....                   (no boots)
Stlth   ++........              (no amulet)
HPRegen 0.04/turn               (no ring)
MPRegen 0.08/turn               (no ring)

@: no status effects
A: no striking features
a: no special abilities


You were on level 1 of the Dungeon.
You visited 1 branch of the dungeon, and saw 1 of its levels.

You collected 4 gold pieces.

Inventory:

Armour
 a - a +0 robe (worn)
Potions
 b - 2 potions of degeneration {unknown}


   Skills:
 + Level 0.3 Fighting
 + Level 0.3 Armour
 + Level 1.9 Dodging
 - Level 1.7 Stealth
 + Level 2.1 Spellcasting
 + Level 3.6 Ice Magic


You had 3 spell levels left.
You knew the following spells:

 Your Spells              Type           Power      Damage    Failure   Level
a - Freeze                Ice            52%        1d7       4%          1

Your spell library contained the following spells:

 Spells                   Type           Power      Damage    Failure   Level
 Frozen Ramparts          Ice            26%        1d4       14%         3
 Ozocubu's Armour         Ice            13%        N/A       14%         3
 Hailstorm                Conj/Ice       7%         3d4       67%         4


Dungeon Overview and Level Annotations

Branches:
Dungeon (1/15)

Altars:


Message History

You hit the endoplasm but do no damage. The endoplasm misses you.
An endoplasm is nearby!
You freeze the endoplasm.
The endoplasm is heavily wounded.
The endoplasm hits you.
You freeze the endoplasm.
You kill the endoplasm!
No target in view!
No target in view!
A ball python and a kobold come into view.
Found a faded altar of an unknown god.
The kobold shouts!
The ball python hisses angrily.
The kobold throws a stone.
The stone hits you.
There are monsters nearby!
There are monsters nearby!
The ball python bites you but does no damage.
The ball python closely misses you.
You hit the ball python but do no damage.
The kobold closely misses you. The ball python misses you.
The ball python barely misses you.
You freeze the ball python.
The ball python is heavily wounded.
The kobold hits you with a +0 dagger. The ball python closely misses you.
The ball python grabs you. The ball python constricts you.
You freeze the ball python!
You kill the ball python!
The kobold closely misses you.
You hit the kobold but do no damage. The kobold hits you with a +0 dagger.
You are too injured to fight recklessly!
You are too injured to fight recklessly!
You are too injured to fight recklessly!
You are too injured to fight recklessly!
You are too injured to fight recklessly!
You hit the kobold but do no damage. The kobold hits you with a +0 dagger.
* * * LOW HITPOINT WARNING * * *
You hit the kobold but do no damage. The kobold closely misses you.
Unknown command.
You closely miss the kobold. The kobold hits you but does no damage.
You hit the kobold but do no damage. The kobold hits you with a +0 dagger.
You die...

####.#########
#≈≈≈≈≈≈§≈≈≈.. #.
.≈8≈≈≈≈≈≈8≈### #..
.≈≈8≈≈≈≈8≈≈##.. #...
.≈≈≈####≈≈≈##.. ....#
.≈§≈'.<#≈≈§##.## #._.##
.§≈≈'..#≈≈§§...###.....#
.≈≈≈####≈≈≈##...#†..#
.≈≈8≈≈§§8≈≈##...@K.#
.≈8≈≈≈≈≈§8≈##..#..##
.≈≈≈≈≈≈≈≈≈≈...###..#
#############..###### ##
#........ .# #..######
.# #..# .# #..# .# #..#


You could see a kobold.

Vanquished Creatures
  2 ball pythons (D:1)
  An endoplasm (D:1)
  A frilled lizard (D:1)
  2 rats (D:1)
6 creatures vanquished.

Notes
Turn   | Place    | Note
-------+----------+-------------------------------------------
     0 | D:1      | Sin92 the Demonspawn Ice Elementalist began the quest for
                  | the Orb.
     0 | D:1      | Reached XP level 1. HP: 13/13 MP: 3/3
   296 | D:1      | Found a faded altar of an unknown god.
   307 | D:1      | Slain by a kobold

Illustrated notes

Levels and vault maps discovered:
D:1:      lightli_arrival_boilingwater, layout_loops_ring,
          nicolae_ecumenical_snake_handling, patterned_corridor

Action                   || total
-------------------------++-------
Melee: Unarmed           ||    11
 Cast: Freeze            ||     8
 Stab: Sleeping          ||     1
Armor: Robe              ||     4
Dodge: Dodged            ||    12
